 Dungeon Crawl Stone Soup version 0.16.2 (webtiles) character file.

324 RepoMan the Grasshopper (level 6, 0/48 HPs)
             Began as a Ghoul Warper on Aug 13, 2015.
             Slain by an ogre
             ... wielding a +0 giant spiked club
              (30 damage)
             ... on level 5 of the Dungeon.
             The game lasted 00:33:09 (5744 turns).

RepoMan the Grasshopper (Ghoul Warper)              Turns: 5744, Time: 00:33:09

Health: 0/48       AC:  3    Str: 16      XL:     6   Next: 48%
Magic:  9/10       EV: 11    Int:  7 (8)  God:
Gold:   198        SH:  0    Dex:  9      Spells: 3 memorised, 5 levels left

rFire  . . .     SeeInvis .     a - +0 hand axe
rCold  + . .     Clarity  .     k - +0 leather armour (curse)
rNeg   + + +     SustAb   .     (no shield)
rPois  ∞         Gourm    .     (no helmet)
rElec  .         Spirit   .     (no cloak)
rCorr  .         Warding  .     (no gloves)
rMut   .         Stasis   .     (no boots)
MR     .....                    (no amulet)
Stlth  +.........               (no ring)
                                (no ring)

@: rotting, not resistant to hostile enchantments, very unstealthy
A: rotting body, claws 1, carnivore 3, cold resistance 1, negative energy
resistance 3, poison resistance, slow healing 1, torment resistance, unbreathing
a: no special abilities


You were on level 5 of the Dungeon.
You were not hungry.

You visited 1 branch of the dungeon, and saw 5 of its levels.

You collected 198 gold pieces.

Inventory:

Hand weapons
 a - a +0 hand axe (weapon)
Missiles
 b - 16 bolts of penetration
Armour
 j - a +2 robe of positive energy
 k - a cursed +0 leather armour (worn)
 y - a +0 ring mail
Scrolls
 d - a scroll of blinking
 f - 6 scrolls of identify {unknown}
 h - 4 scrolls of remove curse {unknown}
 i - 7 scrolls of teleportation {unknown}
 o - a scroll of noise {unknown}
 p - a scroll of fog {unknown}
 q - a scroll of immolation {unknown}
 r - 3 scrolls of fear {unknown}
 x - a scroll of enchant weapon {unknown}
Potions
 l - a potion of curing
 t - a potion of restore abilities
Books
 c - a book of Spatial Translocations

   Spells                             Type                      Level
   a - Apportation                    Translocation                1
   b - Blink                          Translocation                2
   c - Shroud of Golubria             Charms/Translocation         2
   d - Portal Projectile              Translocation                3
   e - Teleport Other                 Translocation                3
   f - Passage of Golubria            Translocation                4
Comestibles
 g - 2 royal jellies
 m - 3 chunks of flesh
 n - 3 meat rations
 s - a beef jerky


   Skills:
 - Level 2.1 Fighting
 * Level 3.7 Axes
 - Level 0.8 Throwing
 + Level 2.6 Armour
 - Level 1.7 Dodging
 + Level 2.8 Spellcasting
 + Level 3.9 Translocations


You had 5 spell levels left.
You knew the following spells:

 Your Spells              Type           Power        Failure   Level  Hunger
a - Apportation           Tloc           #.........   10%         1    ##.....
b - Blink                 Tloc           N/A          14%         2    ###....
c - Shroud of Golubria    Chrm/Tloc      #.........   30%         2    ###....


Dungeon Overview and Level Annotations

Branches:
Dungeon (5/15)
 Temple: D:4-7

Altars:
Makhleb
Vehumet
Xom
Zin

Annotations:
D:2 exclusion: door
D:4 Menkaure


Innate Abilities, Weirdness & Mutations

Your body is rotting away.
You thrive on raw meat.
You have sharp fingernails.
You are carnivorous and can eat meat at any time.
Your flesh is cold resistant.
You are immune to negative energy.
Your system is resistant to poisons.
You heal slowly when monsters are visible.
You are immune to unholy pain and torment.
You can survive without breathing.


Message History

The ogre is moderately wounded.
Your shroud begins to fray at the edges.
The ogre misses you.
You hit the ogre but do no damage.
The ogre is moderately wounded.
The ogre closely misses you.
You hit the ogre but do no damage.
The ogre is moderately wounded.
You hit the ogre.
The ogre is heavily wounded.
The ogre closely misses you.
You hit the ogre.
The ogre is severely wounded.
The ogre hits you with a giant spiked club!!
You slash the ogre!
The ogre is almost dead.
Your shroud unravels.
The ogre hits you with a giant spiked club!!
Ouch! That really hurt!
You die...

############## ####
#........#...# ...#
#........#...#####...#
.........'...'..@O...+
#........#...#####...#
#........#...## .(.#
#........#....# .....
#........#....# .!..##
#...#'####....# ....#
#####.# #....# .##.#
#####.# ###### ## .
#.....#


You could see an ogre.

Vanquished Creatures
  A crimson imp (D:5)
  An orc priest (D:5)
  A hound (D:4)
  2 worker ants (D:5)
  An iguana (D:5)
  Jessica (D:2)
  3 adders
  2 shadow imps
  3 giant geckos
  9 orcs
  4 ball pythons
  5 giant cockroaches
  5 hobgoblins
  6 jackals
  2 quokkas
  10 bats
  A giant gecko skeleton (D:4)
  2 giant newts (D:3)
  9 goblins
  11 kobolds
  6 rats
85 creatures vanquished.

Notes
Turn   | Place    | Note
--------------------------------------------------------------
     0 | D:1      | RepoMan, the Ghoul Warper, began the quest for the Orb.
     0 | D:1      | Reached XP level 1. HP: 17/17 MP: 2/2
    43 | D:1      | Reached skill level 1 in Armour
   430 | D:1      | Reached XP level 2. HP: 24/24 MP: 3/3
   434 | D:1      | Learned a level 2 spell: Blink
   980 | D:2      | Reached skill level 3 in Translocations
  1199 | D:2      | Reached XP level 3. HP: 21/29 MP: 5/5
  1216 | D:2      | Found a glowing silver altar of Zin.
  1423 | D:2      | Noticed Jessica
  1471 | D:2      | Killed Jessica
  2068 | D:2      | Reached XP level 4. HP: 21/32 MP: 6/6
  2286 | D:2      | Learned a level 2 spell: Shroud of Golubria
  2897 | D:3      | Found a shimmering altar of Xom.
  3661 | D:3      | Reached XP level 5. HP: 17/41 MP: 8/8
  4090 | D:4      | Noticed Menkaure
  4155 | D:5      | Entered Level 5 of the Dungeon
  4291 | D:5      | Found a burning altar of Makhleb.
  5226 | D:5      | Reached XP level 6. HP: 21/48 MP: 2/10
  5617 | D:5      | Found a radiant altar of Vehumet.
  5732 | D:5      | Noticed an ogre
  5744 | D:5      | Slain by an ogre

Action                   |  1- 3 |  4- 6 || total
-------------------------+-------+-------++-------
Melee: Hand axe          |   152 |   331 ||   483
Throw: Tomahawk          |       |     5 ||     5
 Cast: Shroud of Golubri |       |    12 ||    12
       Blink             |       |    11 ||    11
  Use: Potion            |       |     7 ||     7
  Eat: Chunk             |    14 |    35 ||    49
